 Dungeon Crawl Stone Soup version 0.26-b1-32-g5d43845318 (webtiles) character file.

Game seed: 14709974274933893987

31 MajorAdolf the Sneak (level 3, 0/34 HPs)
             Began as a Naga Wanderer on Jan 8, 2021.
             Killed from afar by an orc wizard (8 damage)
             ... with a magic dart
             ... on level 2 of the Dungeon.
             The game lasted 00:01:35 (1460 turns).

MajorAdolf the Sneak (Naga Wanderer)                Turns: 1460, Time: 00:01:35

Health: 0/34       AC:  2    Str: 16    XL:     3   Next: 22%
Magic:  3/3        EV: 10    Int:  8    God:
Gold:   32         SH:  0    Dex: 13    Spells: 2/2 levels left

rFire    . . .     SeeInvis +   g - +0 dagger
rCold    . . .     Faith    .   (no shield)
rNeg     . . .     Spirit   .   e - +0 robe
rPois    +         Reflect  .   (no helmet)
rElec    .         Harm     .   (no cloak)
rCorr    .         Rampage  .   (no gloves)
Will     .....                  (no barding)
Stlth    +++.......             (no amulet)
HPRegen  0.11/turn              (no ring)
MPRegen  0.08/turn              (no ring)

@: short of breath, very slow
A: large, see invisible, deformed body, poison resistance, slowness 2, spit
poison 1, AC +1
a: Spit Poison


You were on level 2 of the Dungeon.
You visited 1 branch of the dungeon, and saw 2 of its levels.

You collected 32 gold pieces.

Inventory:

Hand Weapons
 g - a +0 dagger (weapon)
Armour
 e - a +0 robe (worn)
Jewellery
 a - an uncursed amulet of guardian spirit {unknown}
 k - an uncursed ring of wizardry {unknown}
 l - an uncursed ring of willpower {unknown}
Scrolls
 b - a scroll of fear
 d - a scroll of teleportation
 f - a scroll of blinking
 h - a scroll of amnesia {unknown}
 i - 2 scrolls of enchant armour {unknown}
 m - a scroll of magic mapping {unknown}
Potions
 c - 2 potions of curing
 j - a potion of haste {unknown}


   Skills:
 + Level 3.4 Fighting
 - Level 1.0 Throwing
 + Level 1.1 Armour
 + Level 1.6 Dodging
 - Level 5.8 Stealth
 - Level 1.0 Unarmed Combat


You had 2 spell levels left.
You didn't know any spells.
Your spell library was empty.

Dungeon Overview and Level Annotations

Branches:
Dungeon (2/15)

Altars:


Innate Abilities, Weirdness & Mutations

You cannot wear boots.
Your serpentine skin is tough. (AC +1)
You have supernaturally acute eyesight. (SInv)
Armour fits poorly on your strangely shaped body.
Your system is resistant to poisons. (rPois)
You cover ground very slowly.
You can spit poison.


Message History

Aim: an orc wizard, wielding a +0 dagger and wearing a +0 robe (severely wounded, slightly transparent)
The splash of poison misses the orc wizard.
The splash of poison hits the hobgoblin.
The hobgoblin is poisoned.
The hobgoblin is lightly wounded.
The orc wizard hits you with a +0 dagger.
You hit the orc wizard but do no damage.
The orc wizard is severely wounded.
The orc wizard casts a spell at you. The puff of flame hits you!
* * * LOW HITPOINT WARNING * * *
You hit the orc wizard but do no damage.
The orc wizard is severely wounded.
The orc wizard hits you with a +0 dagger.
* * * LOW HITPOINT WARNING * * *
Unknown command.
You feel better.
The orc wizard points at you and mumbles some strange words.
The magic dart hits you!
You die...

# .#.###### ###
........######.....
#......)@ogo.#
......#.#######.#
####. #.#######.# #
#.........# #.
#..######## #.##..#
#.##..#
#########.....#
##.......#....##


You could see an orc wizard (invisible), an orc and a hobgoblin (poisoned).

Vanquished Creatures
  A dart slug (D:1)
  3 leopard geckos (D:1)
  An orc (D:2)
  5 bats
  2 goblins (D:1)
  3 hobgoblins
  2 jackals (D:1)
  3 frilled lizards (D:1)
  2 kobolds (D:1)
  3 rats (D:1)
25 creatures vanquished.

Notes
Turn   | Place    | Note
-------+----------+-------------------------------------------
     0 | D:1      | MajorAdolf the Naga Wanderer began the quest for the Orb.
     0 | D:1      | MajorAdolf set off with the following items: a +0 club, a
                  | scroll of fear, a potion of curing, a scroll of
                  | teleportation, a +0 robe, a scroll of blinking, a +0 dagger
     0 | D:1      | Reached XP level 1. HP: 21/21 MP: 1/1
   401 | D:1      | Reached XP level 2. HP: 28/28 MP: 2/2
   650 | D:1      | Reached skill level 1 in Armour
   672 | D:1      | Reached XP level 3. HP: 23/34 MP: 3/3
  1459 | D:2      | HP: 1/34 [orc wizard/+0 dagger (1)]
  1460 | D:2      | Killed from afar by an orc wizard

Illustrated notes

Levels and vault maps discovered:
D:1:      sevenhm_arrival_forest_fort_small_3, layout_basic, minmay_pentomino_u4
D:2:      layout_loops_ring, uniq_jessica

Skill      XL: |  1  2 |
---------------+-------+-----
Armour         | 1 |  1.1
Fighting       | |  3.4
Throwing       | |  1.0
Dodging        | |  1.6
Stealth        | |  5.8
Unarmed Combat | |  1.0

Action                   || total
-------------------------++-------
Melee: Dagger            ||    52
 Abil: Spit Poison       ||    18
  Use: Potion            ||     1
 Stab: Sleeping          ||     3
Armor: Robe              ||    18
Dodge: Dodged            ||    33
